 Dungeon Crawl Stone Soup version 0.17-a0-2215-g49c1de0 (webtiles) character file.

1200 truemonolith the Thaumaturge (level 8, -2/41 HPs)
             Began as a Deep Elf Conjurer on Oct 27, 2015.
             Shot with an arrow of frost by a centaur (4 damage)
             ... on level 6 of the Dungeon.
             The game lasted 00:23:48 (6571 turns).

truemonolith the Thaumaturge (Deep Elf Conjurer)    Turns: 6571, Time: 00:23:48

Health: -2/41      AC:  8    Str:  5    XL:     8   Next: 21%
Magic:  13/25      EV: 11    Int: 23    God:
Gold:   267        SH:  0    Dex: 15    Spells: 4 memorised, 16 levels left

rFire  . . .     SeeInvis .     j - +1 dagger (freeze)
rCold  . . .     Rnd*Rage +     L - +1 robe {rN+}
rNeg   + . .     SustAt   .     (no shield)
rPois  .         Gourm    .     p - +2 hat
rElec  .         Spirit   .     (no cloak)
rCorr  .         Warding  .     (no gloves)
rMut   .         Stasis   .     v - +2 pair of boots
MR     .....                    (no amulet)
Stlth  ++........               (no ring)
                                o - +3 ring of evasion

@: not resistant to hostile enchantments, unstealthy
A: horns 1, berserk 1, wild magic 1
a: no special abilities


You were on level 6 of the Dungeon.
You were not hungry.

You visited 2 branches of the dungeon, and saw 7 of its levels.

You collected 282 gold pieces.
You spent 15 gold pieces at shops.

Inventory:

Hand Weapons
 j - a +1 dagger of freezing (weapon)
Armour
 a - a +0 robe
 p - a +2 hat (worn)
 v - a +2 pair of boots (worn)
 J - the +0 robe of the Orcish Mines {Str+3}
   (You found it on level 5 of the Dungeon)

   It affects your strength (+3).
 L - a +1 robe of positive energy (worn)
Jewellery
 o - a +3 ring of evasion (left hand)
 q - an uncursed amulet of warding
 K - an uncursed ring of poison resistance {unknown}
Wands
 z - a wand of slowing (36)
Scrolls
 e - 5 scrolls of identify
 f - 6 scrolls of remove curse
 g - a scroll of blinking
 h - 2 scrolls of teleportation
 k - a scroll of enchant armour {unknown}
 y - a scroll of noise
 F - a scroll of recharging
 I - a scroll of random uselessness
Potions
 i - 2 potions of lignification
 l - a potion of flight
 m - a potion of invisibility
 n - 2 potions of degeneration
 r - 3 potions of curing
 B - a potion of mutation
Books
 b - a book of Conjurations

   Spells                             Type                      Level
   a - Magic Dart                     Conjuration                  1
   b - Searing Ray                    Conjuration                  2
   c - Dazzling Spray                 Conjuration/Hexes            3
   d - Fulminant Prism                Conjuration/Hexes            4
   e - Iskenderun's Mystic Blast      Conjuration                  4
   f - Iskenderun's Battlesphere      Conjuration/Charms           5
Comestibles
 c - a bread ration
 d - a royal jelly
 s - 5 fruits
 w - a meat ration


   Skills:
 - Level 2.4 Dodging
 - Level 2.4 Stealth
 - Level 11.2 Spellcasting
 * Level 7.0 Conjurations


You had 16 spell levels left.
You knew the following spells:

 Your Spells              Type           Power        Failure   Level  Hunger
a - Magic Dart            Conj           ####         2%          1    None
b - Dazzling Spray        Conj/Hex       #####...     11%         3    None
c - Iskenderun's Battles  Conj/Chrm      #####...     54%         5    ####...
d - Iskenderun's Mystic   Conj           ######..     9%          4    None


Dungeon Overview and Level Annotations

Branches:
Dungeon (6/15)             Temple (1/1) D:4

Altars:
Ashenzari
Cheibriados
Dithmenos
Elyvilon
Gozag
Nemelex Xobeh
Okawaru
Qazlal
Ru
Sif Muna

Shops:
D:5 [


Innate Abilities, Weirdness & Mutations

You have a pair of small horns on your head.
You tend to lose your temper in combat.
Your spells are a little harder to cast, but a little more powerful.


Message History

Your Conjurations skill increases to level 7!
The centaur shouts!
The centaur shoots an arrow.
The arrow hits you.
The centaur wields a shortbow.
The centaur shoots an arrow of frost.
The arrow of frost closely misses you.
The centaur shoots an arrow.
The arrow barely misses you.
The centaur shoots an arrow of frost.
The arrow of frost hits you. The arrow of frost freezes you.
The centaur shoots an arrow.
The arrow misses you.
Unknown command.
The centaur shoots an arrow.
The arrow hits you!
* * * LOW HITPOINT WARNING * * *
There is a stone staircase leading up, spattered with blood here.
You see here an arrow.
Unknown command.
Unknown command.
The centaur shoots an arrow.
The arrow hits you!
* * * LOW HITPOINT WARNING * * *
The centaur shoots an arrow.
The arrow barely misses you.
The centaur shoots an arrow of frost.
The arrow of frost hits you.
You die...

#.?# #.# ####..# #.#
#...c.### #.# #...c...
#.# #.....# #.# ##.#(.#
#.# ##...(.#####
..#####.###..........#
........).))@.((####....
..####.####(.)..# #. .
#. ##...## # #. ##.## #
#. #.# # ## #.# # #.# #
#.# # .[.


You could see 2 centaurs.

Vanquished Creatures
  A sky beast (D:5)
  An ice beast (D:6)
  A phantom (D:3)
  3 ogres
  A water moccasin zombie (D:5)
  2 scorpions
  2 crimson imps (D:5)
  5 orc wizards
  An orc priest (D:2)
  A jelly (D:6)
  Jessica (D:2)
  2 worker ants (D:5)
  A hound skeleton (D:4)
  3 gnolls (D:3)
  7 adders
  A shadow imp (D:4)
  An ooze (D:4)
  A worm (D:4)
  5 giant geckos
  11 orcs
  9 bats
  10 goblins
  7 hobgoblins
  4 jackals (D:2)
  9 kobolds
  A ball python (D:3)
  7 giant cockroaches
  2 giant newts (D:1)
  A hobgoblin zombie (D:4)
  A quokka zombie (D:5)
  7 rats
109 creatures vanquished.

Notes
Turn   | Place    | Note
--------------------------------------------------------------
     0 | D:1      | truemonolith the Deep Elf Conjurer began the quest for the Orb.
     0 | D:1      | Reached XP level 1. HP: 10/10 MP: 6/6
   171 | D:1      | Reached XP level 2. HP: 15/15 MP: 6/9
   743 | D:2      | Found a faded altar to an unknown god.
   800 | D:2      | Reached skill level 5 in Spellcasting
   800 | D:2      | Reached XP level 3. HP: 19/19 MP: 4/11
   904 | D:2      | Found a sacrificial altar of Ru.
   925 | D:2      | Reached skill level 6 in Spellcasting
   925 | D:2      | Reached XP level 4. HP: 20/24 MP: 0/14
  1480 | D:2      | Noticed Jessica
  1482 | D:2      | Killed Jessica
  1491 | D:2      | Learned a level 3 spell: Dazzling Spray
  1886 | D:3      | Noticed an ogre
  2303 | D:2      | Killed an ogre
  2303 | D:2      | Reached skill level 7 in Spellcasting
  2303 | D:2      | Reached XP level 5. HP: 28/28 MP: 4/17
  2310 | D:2      | Reached skill level 8 in Spellcasting
  2641 | D:3      | Reached XP level 6. HP: 32/32 MP: 10/19
  3057 | D:3      | Reached skill level 9 in Spellcasting
  3683 | D:4      | Found a staircase to the Ecumenical Temple.
  3692 | Temple   | Entered the Ecumenical Temple
  4400 | D:3      | Reached skill level 10 in Spellcasting
  4708 | D:4      | Reached XP level 7. HP: 36/36 MP: 17/22
  4772 | D:4      | Found a deep blue altar of Sif Muna.
  5165 | D:5      | Entered Level 5 of the Dungeon
  5281 | D:5      | Reached skill level 11 in Spellcasting
  5309 | D:5      | Got a ripped robe
  5310 | D:5      | Identified the +0 robe of the Orcish Mines {Str+3} (You found it on level 5 of the Dungeon)
  5387 | D:5      | Learned a level 5 spell: Iskenderun's Battlesphere
  5392 | D:5      | Learned a level 4 spell: Iskenderun's Mystic Blast
  5418 | D:5      | Reached skill level 5 in Conjurations
  5775 | D:5      | Found a sparkling altar of Nemelex Xobeh.
  5813 | D:5      | Reached XP level 8. HP: 29/41 MP: 0/25
  5984 | D:5      | Found Jimiufol's Antique Armour Shop.
  6005 | D:5      | Bought a glowing robe for 15 gold pieces
  6224 | D:5      | Gained mutation: You tend to lose your temper in combat. [potion of mutation]
  6224 | D:5      | Gained mutation: You have a pair of small horns on your head. [potion of mutation]
  6224 | D:5      | Gained mutation: Your spells are a little harder to cast, but a little more powerful. [potion of mutation]
  6571 | D:6      | HP: 2/41 [centaur/arrow (7)]
  6571 | D:6      | Shot with an arrow of frost by a centaur

Vault maps used:
D:1:      shiori_arrival_maze, hangedman_decor_riveting, kennysheep_nondescript
D:2:      ecumenical_altar_1, first_bread, serial_curves, eino_curves_02,
          eino_curves_04, nicolae_ru_great_annihilating_truth, uniq_jessica
D:4:      minmay_temple_entry_statues_fountains, enter_ossuary_3,
          hangedman_feature_mirror, led_sif_book
D:5:      nemelex_xobeh_ov_fountains_minmay, serial_shops, shop
D:6:      zin_angel, kennysheep_little_box, bloody_trog, uniq_duvessa
Temple:   jpeg_temple_alley_garden_8

Action                   |  1- 3 |  4- 6 |  7- 9 || total
-------------------------+-------+-------+-------++-------
Melee: Dagger            |     3 |     8 |     5 ||    16
 Cast: Magic Dart        |    61 |   129 |   109 ||   299
       Dazzling Spray    |       |    17 |    20 ||    37
  Use: Potion            |       |     4 |     8 ||    12
       Scroll            |       |     2 |    11 ||    13
  Eat: Chunk             |       |     4 |       ||     4
       Fruit             |       |     3 |     1 ||     4
       Bread ration      |       |     1 |     2 ||     3
